 Dungeon Crawl Stone Soup version 0.31-a0-542-gdc2a67831c (webtiles) character file.

Game seed: 18084094663682017914

1163 Iich the Trooper (level 8, -14/64 HPs)
             Began as a Demonspawn Fighter on Aug 15, 2023.
             Killed from afar by a steam dragon (21 damage)
             ... with a ball of steam
             ... on level 6 of the Dungeon.
             The game lasted 00:08:41 (4141 turns).

Iich the Trooper (Demonspawn Fighter)               Turns: 4141, Time: 00:08:42

Health: -14/64     AC: 14    Str: 16    XL:     8   Next: 17%
Magic:  8/8        EV:  8    Int:  9    God:
Gold:   223        SH:  5    Dex: 16    Spells: 7/7 levels left

rFire   . . .        a - +0 war axe
rCold   . . .        c - +0 buckler
rNeg    . . .        k - +0 chain mail {Bingus}
rPois   .            (helmet restricted)
rElec   .            h - +2 cloak
rCorr   +            l - +0 pair of gloves
SInv    .            e - +0 pair of boots
Will    .....        (no amulet) Stlth
                     C - ring of resist corrosion
HPRegen 0.30/turn    (no ring)
MPRegen 0.11/turn

%: no passive effects
@: no status effects
A: antennae 1, foul stench 2, spiny 1
a: no special abilities


You were on level 6 of the Dungeon.
You visited 1 branch of the dungeon, and saw 6 of its levels.

You collected 223 gold pieces.

Inventory:

Hand Weapons
 a - a +0 war axe (weapon)
Armour
 b - a +0 scale mail
 c - a +0 buckler (worn)
 e - a +0 pair of boots (worn)
 h - a +2 cloak (worn)
 k - a +0 chain mail (worn) {Bingus}
 l - a +0 pair of gloves (worn)
Jewellery
 C - a ring of resist corrosion (left hand)
Talismans
 n - a maw talisman
Wands
 s - a wand of polymorph (15)
 t - a wand of flame (10)
 u - a wand of iceblast (1)
Scrolls
 f - a scroll of poison
 g - a scroll of fear
 i - a scroll of acquirement {unknown}
 j - a scroll of torment
 o - a scroll of revelation {unknown}
 p - a scroll of noise {unknown}
 r - a scroll of immolation
Potions
 d - a potion of might
 m - a potion of cancellation {unknown}
 v - a potion of berserk rage {unknown}


   Skills:
 + Level 6.0 Fighting
 * Level 5.5 Axes
 - Level 2.6 Armour
 + Level 4.5 Dodging
 - Level 2.6 Shields
 + Level 1.5 Shapeshifting


You had 7 spell levels left.
You didn't know any spells.
Your spell library contained the following spells:

 Spells                   Type           Power      Damage    Failure   Level
 Sting                    Tmut/Pois      0%         1d3       100%        1
 Poisonous Vapours        Pois/Air       0%         N/A       100%        2
 Ozocubu's Armour         Ice            0%         N/A       100%        3
 Olgreb's Toxic Radiance  Pois           0%         N/A       100%        4
 Ozocubu's Refrigeration  Ice            0%         4d7       100%        7


Dungeon Overview and Level Annotations

Branches:
Dungeon (6/15)
 Temple: D:4-7

Altars:
Fedhas
Kikubaaqudgha
Sif Muna
Xom

Shops:
D:2 !   D:4 :


Innate Abilities, Weirdness & Mutations

You have a pair of small antennae on your head.
You sometimes emit foul miasma when damaged in melee.
You are partially covered in sharp spines.


Message History

You take 4 damage, and have 20/64 hp.
You feel better.
You are engulfed in a cloud of scalding steam.
The ufetubus hits you.
* * * LOW HITPOINT WARNING * * *
The ufetubus hits you but does no damage.
You block the ufetubus's attack. x2
The steam dragon is struck by your spines.
The steam dragon closely misses you.
The steam dragon claws you but does no damage.
You regained 3 hp, and now have 23/64 hp.
Aiming: Iceblast
Press: ? - help, Q - select action, (/) - cycle Shift-Dir - straight line, f/p - steam dragon
Aim: a steam dragon (steam, severely wounded)
Okay, then.
You hit the steam dragon.
The steam dragon is severely wounded.
You hit the ufetubus.
You kill the ufetubus!
You are engulfed in a cloud of scalding steam.
The steam dragon breathes steam at you. The ball of steam hits you!
* * * LOW HITPOINT WARNING * * *
An orc comes into view. It is wielding a +0 war axe.
You take 10 damage, and have 13/64 hp.
The steam dragon attacks as you move away!
The steam dragon is struck by your spines.
The steam dragon closely misses you. The steam dragon barely misses you.
The steam dragon attacks as you move away!
The steam dragon bites you but does no damage.
The steam dragon claws you but does no damage.
An orc comes into view. It is wielding a +0 hand axe.
The orc shouts!
The steam dragon breathes steam at you. The ball of steam hits you!
* * * LOW HITPOINT WARNING * * *
You take 6 damage, and have 7/64 hp.
The steam dragon breathes steam at you. The ball of steam hits you!!
You die...

♣♣♣♣♣♣♣♣).#.#
#..o....# #o#...#.#
##.##.##.#
#..o.o...#######
.♣♣#..JD..........#
........§###.#####.#
♣.♣♣#...§# #.......#
#.#.@###..#.##.#
#.#.......#.##.#
#####...........#
#.###.####..# #.#
#.# #.# #..
###.###### #.....#
#.<...#


You could see a jelly and 2 orcs.

Vanquished Creatures
  Maggie (D:6)
  An ice beast (D:6)
  An ogre (D:5)
  3 phantoms
  2 scorpions (D:5)
  A jelly (D:4)
  2 hounds (D:5)
  Ijyb (D:5)
  3 iguanas
  An orc wizard (D:6)
  3 gnolls (D:3)
  3 adders
  2 white imps (D:5)
  An ufetubus (D:6)
  2 worms
  4 dart slugs
  11 orcs
  5 endoplasms
  2 giant cockroaches
  3 goblins
  4 hobgoblins
  3 quokkas
  A ball python (D:3)
  6 bats
  2 frilled lizards
  10 kobolds
  8 rats
86 creatures vanquished.

Notes
Turn   | Place    | Note
-------+----------+-------------------------------------------
     0 | D:1      | Iich the Demonspawn Fighter began the quest for the Orb.
     0 | D:1      | Reached XP level 1. HP: 18/18 MP: 1/1
   542 | D:1      | Gained mutation: You are partially covered in sharp spines.
                  | [demonic ancestry]
   542 | D:1      | Reached XP level 2. HP: 24/24 MP: 2/2
   832 | D:2      | Found Cetuthomac's Distillery.
   864 | D:2      | Reached skill level 1 in Dodging
   959 | D:2      | Reached XP level 3. HP: 21/29 MP: 3/3
  1312 | D:2      | Identified the +2 dagger of the Furious {heavy, rF+ Int+2}
  1567 | D:3      | Found a faded altar of an unknown god.
  1588 | D:3      | Reached XP level 4. HP: 29/37 MP: 4/4
  1847 | D:3      | Found a blossoming altar of Fedhas.
  1953 | D:3      | Identified the +3 rapier of Famine {antimagic, rElec rC+
                  | rN++}
  2119 | D:4      | Found a shimmering altar of Xom.
  2122 | D:4      | Identified the +9 quarterstaff "Nimon" {pain, +Blink Fly}
  2174 | D:4      | Found Daramata's Book Shop.
  2174 | D:4      | Noticed a walking earthen tome
  2174 | D:4      | Noticed a walking divine tome
  2280 | D:4      | Noticed a phantom
  2290 | D:4      | Killed a phantom
  2291 | D:4      | Reached skill level 4 in Fighting
  2291 | D:4      | Gained mutation: You may rarely emit foul miasma when
                  | damaged in melee. [demonic ancestry]
  2291 | D:4      | Reached XP level 5. HP: 42/42 MP: 5/5
  2473 | D:4      | Found an ancient bone altar of Kikubaaqudgha.
  2857 | D:5      | Entered Level 5 of the Dungeon
  3101 | D:5      | Reached XP level 6. HP: 30/49 MP: 6/6
  3245 | D:5      | Reached skill level 5 in Fighting
  3408 | D:5      | Noticed Ijyb
  3417 | D:5      | Killed Ijyb
  3486 | D:5      | Gained mutation: You sometimes emit foul miasma when
                  | damaged in melee. [demonic ancestry]
  3486 | D:5      | Reached XP level 7. HP: 40/56 MP: 7/7
  4114 | D:6      | Found a shimmering blue altar of Sif Muna.
  4117 | D:6      | Noticed Maggie
  4118 | D:6      | Noticed a steam dragon
  4130 | D:6      | Killed Maggie
  4131 | D:6      | Reached skill level 6 in Fighting
  4131 | D:6      | Reached skill level 5 in Axes
  4131 | D:6      | Reached skill level 1 in Shapeshifting
  4131 | D:6      | Gained mutation: You have a pair of small antennae on your
                  | head. [demonic ancestry]
  4131 | D:6      | Reached XP level 8. HP: 43/64 MP: 8/8
  4141 | D:6      | Killed from afar by a steam dragon

Illustrated notes

Levels and vault maps discovered:
D:1:      dpeg_arrival_rhombus, layout_loops_ring
D:2:      layout_rooms, serial_shops, nicolae_shop_waterfront
D:3:      layout_loops_cross, nicolae_overflow_crystal_walls,
          chequers_ecumenical_altar_simple
D:4:      layout_gridville, mainiacjoe_overflow_24_doors, lemuel_tele_altar,
          serial_shops, nicolae_shop_mannequins, serial_bayou_pond_d,
          corexii_item_surrounded_by_moat
D:5:      layout_loops_corners, st_stairs_14, uniq_ijyb
D:6:      layout_loops_cross, mainiacjoe_overflow_paths,
          nicolae_concentric_dashed_squares_wild, minmay_tree_intersection,
          nicolae_the_louvre, uniq_maggie, uniq_eustachio,
          uniq_crazy_yiuf_cottage, uniq_pikel

Skill      XL: |  1  2  3  4  5  6  7 |
---------------+----------------------+-----
Axes           | 2 3 4 5 |  5.5
Dodging        | 1 2 3 4 |  4.5
Fighting       | 4 5 6 |  6.0
Shapeshifting  | 1 |  1.5
Armour         | |  2.6
Shields        | |  2.6

Action                     |  1- 3 |  4- 6 |  7- 9 || total
---------------------------+-------+-------+-------++-------
  Melee: War axe           |    70 |    96 |    25 ||   191
  Evoke: Wand              |       |     2 |     8 ||    10
    Use: Scroll            |     1 |     2 |     2 ||     5
         Potion            |       |     1 |     1 ||     2
 Armour: Scale mail        |    25 |       |       ||    25
         Chain mail        |    15 |    50 |    23 ||    88
  Dodge: Dodged            |    28 |    21 |    14 ||    63
  Block: Buckler           |    10 |    20 |     8 ||    38

Table legend: (Time is in decaauts)
 A = Elapsed time spent in this place.
 B = Non-inter-level travel time spent in this place.
 C = Inter-level travel time spent in this place.
 D = Time resting spent in this place.
 E = Time spent auto-exploring this place.
 F = Levels seen in this place.
 G = Mean time per level.
                   A        B        C        D        E       F      G
               +--------+--------+--------+--------+--------+-----+--------+
         Total |   4215 |   4109 |    106 |      0 |   3467 |   6 |  702.5 |
       Dungeon |   4215 |   4109 |    106 |      0 |   3467 |   6 |  702.5 |
               +--------+--------+--------+--------+--------+-----+--------+

Top non-repeatable levels by time:
     D:5: 1214 daAuts
     D:1: 780 daAuts
     D:4: 774 daAuts
     D:2: 681 daAuts
     D:3: 668 daAuts
     D:6: 95 daAuts
